 Dungeon Crawl Stone Soup version 0.32-a0-841-g4648e6c457 (webtiles) character file.

Game seed: 11528045886966976013

6597 Newt the Markskobold (level 11, -3/65 HPs)
             Began as a Kobold Hunter on Mar 15, 2024.
             Was a Believer of Hepliaklqana.
             Slain by a yak (8 damage)
             ... on level 9 of the Dungeon on Mar 26, 2024.
             The game lasted 00:08:08 (9950 turns).

Newt the Markskobold (Kobold Hunter)                Turns: 9950, Time: 00:08:08

Health: -3/65      AC:  8    Str:  9    XL:     11   Next: 21%
Magic:  11/11      EV: 14    Int: 11    God:    Hepliaklqana [**....]
Gold:   427        SH:  0    Dex: 22    Spells: 10/10 levels left

rFire   . . .        i - +4 sling (drain)
rCold   . . .        (no shield)
rNeg    . . .        c - +0 leather armour
rPois   +            s - +2 hat
rElec   .            o - +0 cloak
rCorr   .            h - +0 pair of gloves
SInv    .            K - +0 pair of boots
Will    .....        (no amulet)
Stlth   +++          v - ring of poison resistance
HPRegen 0.30/turn    (no ring)
MPRegen 0.12/turn

%: no passive effects
@: no status effects
A: reduced essence, small, no large weapons, nightstalker 3
a: Renounce Religion, Recall Ancestor, Ancestor Identity


You were on level 9 of the Dungeon.
You worshipped Hepliaklqana.
Hepliaklqana was pleased with you.
You visited 2 branches of the dungeon, and saw 10 of its levels.
You also visited: Sewer.

You collected 427 gold pieces.

Inventory:

Hand Weapons
 a - a +0 shortbow
 i - a +4 sling of draining (weapon)
Armour
 c - a +0 leather armour (worn)
 h - a +0 pair of gloves (worn)
 o - a +0 cloak (worn)
 s - a +2 hat (worn)
 I - an orb of guile
 J - a +2 robe of fire resistance
 K - a +0 pair of boots (worn)
Jewellery
 v - a ring of poison resistance (left hand)
 z - a ring of wizardry
Wands
 x - a wand of digging (4)
 y - a wand of charming (4)
 A - a wand of quicksilver (12)
 E - a wand of flame (23)
 F - a wand of warping (6)
Scrolls
 b - a scroll of butterflies
 g - 2 scrolls of fear
 k - 4 scrolls of vulnerability
 l - 4 scrolls of teleportation
 q - a scroll of fog
 C - a scroll of revelation
 G - a scroll of immolation
 H - a scroll of enchant armour
Potions
 d - 2 potions of lignification {unknown}
 e - 2 potions of enlightenment
 f - 3 potions of curing
 j - 2 potions of invisibility
 m - 2 potions of resistance {unknown}
 n - 2 potions of degeneration {unknown}
 p - a potion of attraction {unknown}
 r - 2 potions of might {unknown}
 t - a potion of haste {unknown}
 u - a potion of cancellation {unknown}
 w - 6 potions of heal wounds {unknown}
 B - a potion of brilliance {unknown}
 D - 2 potions of mutation {unknown}


   Skills:
 + Level 10.7 Fighting
 * Level 17.6 Ranged Weapons
 - Level 2.4 Dodging
 - Level 1.3 Stealth


You had 10 spell levels left.
You didn't know any spells.
Your spell library contained the following spells:

 Spells                   Type           Power      Damage    Failure   Level
 Freeze                   Ice            0%         1d3       45%         1
 Scorch                   Fire           0%         2d5       58%         2
 Frozen Ramparts          Ice            0%         1d1       83%         3
 Hailstorm                Conj/Ice       0%         3d5       83%         3
 Ozocubu's Armour         Ice            0%         N/A       83%         3
 Brom's Barrelling Bould  Conj/Erth      0%         2d3       99%         4
 Flame Wave               Conj/Fire      0%         2d4       99%         4
 Fireball                 Conj/Fire      0%         3d3       100%        5
 Iskenderun's Battlesphe  Conj           0%         2d6       100%        5
 Metabolic Englaciation   Hex/Ice        0%         N/A       100%        5
 Conjure Ball Lightning   Conj/Air       0%         3x3d6     100%        6
 Summon Cactus Giant      Summ           0%         N/A       100%        6
 Orb of Destruction       Conj           0%         9d5       100%        7
 Chain Lightning          Conj/Air       0%         N/A       100%        9
 Fire Storm               Conj/Fire      0%         5d1       100%        9
 Shatter                  Erth           0%         3d5*      100%        9


Dungeon Overview and Level Annotations

Branches:
Dungeon (9/15)             Temple (1/1) D:6            Lair (0/5) D:9
    Orc (0/2) D:9           Sewer (visited)

Altars:
Ashenzari
Cheibriados
Dithmenos
Elyvilon
Fedhas
Gozag
Hepliaklqana
Kikubaaqudgha
Makhleb
Nemelex Xobeh
Okawaru
Qazlal
Ru
Sif Muna
Trog
Uskayaw
Vehumet
Wu Jian
Xom
Yredelemnul
Zin
The Shining One

Annotations:
D:7 Prince Ribbit


Innate Abilities, Weirdness & Mutations

Your life essence is reduced to manifest your ancestor. (-10% HP)
You are small and have problems with some larger weapons.
You are completely attuned to the shadows.


Message History

You shoot a sling bullet. The sling bullet hits the yak!
The yak is moderately wounded.
The yak barely misses you.
The yak gores Utaun.
You shoot a sling bullet. The sling bullet barely misses the yak.
The yak barely misses you.
Utaun hits the yak with a +0 flail.
The yak gores you.
The yak gores Utaun.
Utaun blocks the yak's attack.
The yak closely misses you.
You shoot a sling bullet. The sling bullet barely misses the yak.
The yak gores you! The yak barely misses you.
Utaun blocks the yak's attack.
The yak gores you!
You shoot a sling bullet. The sling bullet hits the yak.
The yak is moderately wounded.
Utaun hits the yak with a +0 flail!
You shoot a sling bullet. The sling bullet hits the yak!
The yak is severely wounded.
The yak misses you. The yak barely misses you.
The yak gores Utaun!
The yak closely misses you.
You shoot a sling bullet. The sling bullet hits the yak!
The yak is almost dead.
The yak gores you!
Utaun hits the yak with a +0 flail!
The yak closely misses you.
Utaun blocks the yak's attack.
The yak gores you!
* * * LOW HITPOINT WARNING * * *
You are too injured to fight recklessly!
Unknown command.
The yak barely misses you.
The yak gores Utaun but does no damage.
Unknown command.
Utaun hits the yak with a +0 flail.
The yak gores Utaun but does no damage.
Unknown command.
You shoot a sling bullet.
The sling bullet closely misses the yak.
The sling bullet hits the yak.
The yak is lightly wounded.
Utaun hits the yak with a +0 flail!
The yak dies!
Unknown command.
The yak attacks as it pursues you! The yak gores you!
* * * LOW HITPOINT WARNING * * *
The yak gores you!
You die...
Hepliaklqana delivers you to your ancestors.

.....# . .....#
#. .....# #.
.....# ##.
.....# #..
.....# #..
.....# #..
.....###########
####..
........@Y.Y....
......
.........YY†....
......
............R...
.....#
.............†..
.....#
#...............
.....# ......
...... ......
......


You could see the friendly Utaun the knight and 4 yaks.

Vanquished Creatures
  A two-headed ogre (D:8)
  Pikel (D:7)
  A komodo dragon (D:9)
  Jeremiah (D:7)
  Sigmund (D:5)
  2 wyverns
  A basilisk (D:9)
  3 yaks (D:9)
  2 water moccasins
  Duvessa (D:7)
  An orc warrior (D:7)
  3 ice beasts
  2 ogres
  2 centaurs
  A phantom (D:5)
  3 lemures (D:7)
  A kobold brigand (D:6)
  4 scorpions (D:5)
  2 brain worms (Sewer)
  2 bullfrogs
  A gnoll sergeant (D:7)
  4 wights (D:8)
  Dowan (D:7)
  3 killer bees (D:8)
  2 howler monkeys (D:9)
  An electric eel (D:7)
  A crimson imp (D:3)
  2 bombardier beetles (D:5)
  5 hounds
  2 jellies
  4 orc priests
  A gnoll bouda (D:6)
  Jessica (D:2)
  4 iguanas
  8 orc wizards
  11 adders
  12 gnolls
  4 river rats
  A dart slug (D:5)
  A ribbon worm (D:2)
  35 orcs
  15 ball pythons
  8 endoplasms
  4 giant cockroaches
  7 goblins
  8 hobgoblins
  4 jackals
  10 quokkas
  2 bats (D:3)
  7 frilled lizards
  2 goblin zombies (D:3)
  4 hobgoblin zombies (D:3)
  18 kobolds
  A kobold zombie (D:3)
  2 orc skeletons (D:3)
  2 orc zombies (D:3)
  15 rats
248 creatures vanquished.

Vanquished Creatures (collateral kills)
  2 yaks (D:9)
  A steam dragon (D:9)
  A centaur (D:8)
  2 killer bees (D:8)
  A howler monkey (D:9)
  An orc priest (D:7)
8 creatures vanquished.

Vanquished Creatures (others)
  2 ancestors (D:8)
2 creatures vanquished.

Grand Total: 258 creatures vanquished

Notes
Turn   | Place    | Note
-------+----------+-------------------------------------------
     0 | D:1      | Newt the Kobold Hunter began the quest for the Orb.
     0 | D:1      | Reached XP level 1. HP: 12/12 MP: 1/1
   241 | D:1      | Reached XP level 2. HP: 18/18 MP: 2/2
   660 | D:1      | Reached skill level 6 in Ranged Weapons
   682 | D:1      | Reached XP level 3. HP: 22/22 MP: 3/3
   973 | D:2      | Noticed Jessica
   975 | D:2      | Killed Jessica
   976 | D:2      | Reached XP level 4. HP: 28/28 MP: 4/4
  1009 | D:2      | You fall into a shaft and drop 1 floor!
  1014 | D:3      | Found a radiant altar of Vehumet.
  1297 | D:2      | Reached skill level 7 in Ranged Weapons
  1962 | D:2      | Reached XP level 5. HP: 32/32 MP: 5/5
  3035 | D:3      | Reached skill level 8 in Ranged Weapons
  3035 | D:3      | Reached XP level 6. HP: 37/38 MP: 6/6
  3096 | D:3      | Found a glowing golden altar of the Shining One.
  3610 | D:4      | Found a snail-covered altar of Cheibriados.
  4367 | D:5      | Entered Level 5 of the Dungeon
  4565 | D:5      | Reached skill level 9 in Ranged Weapons
  4565 | D:5      | Reached XP level 7. HP: 41/44 MP: 7/7
  4773 | D:5      | Reached skill level 5 in Fighting
  4966 | D:5      | Found a shimmering altar of Xom.
  5041 | D:5      | Reached skill level 10 in Ranged Weapons
  5369 | D:5      | Reached XP level 8. HP: 50/50 MP: 8/8
  5407 | D:5      | Noticed Sigmund
  5412 | D:5      | Killed Sigmund
  5413 | D:5      | Reached skill level 11 in Ranged Weapons
  5728 | D:6      | Found a glowing drain.
  5752 | Sewer    | Entered a sewer
  6133 | D:6      | Upgraded the game from 0.32-a0-711-g016ad743e0 to
                  | 0.32-a0-841-g4648e6c457
  6227 | D:6      | Found a staircase to the Ecumenical Temple.
  6235 | Temple   | Entered the Ecumenical Temple
  6256 | Temple   | Became a worshipper of Hepliaklqana the Forgotten
  6386 | D:6      | Reached skill level 12 in Ranged Weapons
  6488 | D:6      | Reached XP level 9. HP: 43/57 MP: 9/9
  7145 | D:7      | Reached skill level 13 in Ranged Weapons
  7165 | D:7      | Noticed Pikel
  7278 | D:7      | Noticed Dowan
  7279 | D:7      | Noticed Duvessa
  7290 | D:7      | Killed Duvessa
  7293 | D:7      | Killed Dowan
  7428 | D:7      | Noticed Jeremiah
  7441 | D:7      | Killed Jeremiah
  7442 | D:7      | Reached skill level 14 in Ranged Weapons
  7567 | D:7      | Found an ornate altar of the Wu Jian Council.
  7582 | D:7      | Noticed Prince Ribbit
  7599 | D:7      | Reached * piety under Hepliaklqana
  7647 | D:7      | Reached XP level 10. HP: 58/58 MP: 10/10
  7798 | D:7      | Found a basalt altar of Yredelemnul.
  7799 | D:7      | Found a bloodstained altar of Trog.
  7872 | D:7      | Killed Pikel
  7873 | D:7      | Reached skill level 15 in Ranged Weapons
  8916 | D:8      | Reached skill level 16 in Ranged Weapons
  8970 | D:8      | Noticed a two-headed ogre
  8991 | D:8      | Killed a two-headed ogre
  9484 | D:9      | Reached skill level 10 in Fighting
  9556 | D:9      | Found a staircase to the Orcish Mines.
  9599 | D:9      | Reached ** piety under Hepliaklqana
  9600 | D:9      | Remembered your ancestor Utaun as a knight
  9682 | D:9      | Reached XP level 11. HP: 64/64 MP: 11/11
  9686 | D:9      | Reached skill level 17 in Ranged Weapons
  9860 | D:9      | Found a staircase to the Lair.
  9950 | D:9      | Slain by a yak

Illustrated notes

Levels and vault maps discovered:
D:1:      giann_forest_graveyard, layout_loops_ring, chequers_jeans,
          chequers_serial_rivers_marsh
D:2:      layout_basic, uniq_jessica
D:3:      layout_basic, overflow_temple_1_default, nicolae_tso_besieged_by_evil,
          corexii_shack
D:4:      layout_basic, old_standard_altar
D:5:      layout_gridville, mainiacjoe_overflow_surrounded_room, serial_rivers,
          chequers_serial_rivers_small_a, chequers_serial_rivers_marsh,
          chequers_serial_rivers_small_a, chequers_serial_rivers_room_b,
          uniq_sigmund
D:6:      layout_basic, minmay_temple_entry_proselytizer,
          gup_sewer_entry_bubbles, chequers_serial_rivers_micro_c,
          grunt_decor_fettered
D:7:      cheibrodos_helix_gallery, layout_loops_ring,
          gammafunk_temple_overflow_statue, mainiacjoe_overflow_catwalk,
          kennysheep_cluttered_room, uniq_prince_ribbit1, uniq_duvessa,
          uniq_pikel, uniq_jeremiah
D:8:      layout_cave_pools
D:9:      layout_big_octagon, dpeg_lair_monsters, orc_0_dummy, kennysheep_dice
Temple:   regret_index_temple_waves

Skill      XL: |  1  2  3  4  5  6  7  8  9 10 11 |
---------------+----------------------------------+-----
Ranged Weapons | 6 7 8 9 10 12 14 16 17 | 17.6
Fighting       | 3 4 5 7 8 10 | 10.7
Dodging        | |  2.4
Stealth        | |  1.3

Action                     |  1- 3 |  4- 6 |  7- 9 | 10-12 || total
---------------------------+-------+-------+-------+-------++-------
   Fire: Shortbow          |    47 |       |       |       ||    47
         Sling             |     4 |   199 |   343 |   200 ||   746
 Invoke: Ancestor Life: Kn |       |       |       |     1 ||     1
  Evoke: Wand              |       |       |       |     1 ||     1
    Use: Scroll            |       |     4 |     6 |     1 ||    11
         Potion            |       |     1 |       |     3 ||     4
 Armour: Leather armour    |     5 |    47 |    68 |    58 ||   178
  Dodge: Dodged            |     6 |    51 |    88 |    61 ||   206

Table legend: (Time is in decaauts)
 A = Elapsed time spent in this place.
 B = Non-inter-level travel time spent in this place.
 C = Inter-level travel time spent in this place.
 D = Time resting spent in this place.
 E = Time spent auto-exploring this place.
 F = Levels seen in this place.
 G = Mean time per level.
                   A        B        C        D        E       F      G
               +--------+--------+--------+--------+--------+-----+--------+
         Total |   9949 |   9479 |    470 |    917 |   7287 |  11 |  904.5 |
       Dungeon |   9497 |   9070 |    427 |    917 |   6991 |   9 | 1055.2 |
        Temple |     43 |      1 |     42 |      0 |      0 |   1 |   43.0 |
         Sewer |    407 |    407 |      0 |      0 |    295 |   1 |  407.0 |
               +--------+--------+--------+--------+--------+-----+--------+

Top non-repeatable levels by time:
     D:2: 1302 daAuts
     D:5: 1269 daAuts
     D:3: 1238 daAuts
     D:7: 1208 daAuts
     D:8: 1144 daAuts
     D:6: 1031 daAuts
     D:4: 955 daAuts
     D:1: 895 daAuts
     D:9: 452 daAuts
   Sewer: 407 daAuts
  Temple: 43 daAuts
